 Dungeon Crawl Stone Soup version 0.26.1-2-gb8aa6d0cf2 (webtiles) character file.

Game seed: 13014992547726412055

30 Gadfly the Caller (level 3, 0/20 HPs)
             Began as a Tengu Summoner on Feb 19, 2021.
             Slain by a hobgoblin (4 damage)
             ... on level 3 of the Dungeon.
             The game lasted 00:03:41 (1387 turns).

Gadfly the Caller (Tengu Summoner)                  Turns: 1387, Time: 00:03:41

Health: 0/20       AC:  2    Str:  8    XL:     3   Next: 20%
Magic:  3/7        EV: 13    Int: 16    God:
Gold:   14         SH:  0    Dex: 14    Spells: 2/6 levels left

rFire    . . .     SeeInvis .   e - +0 dagger
rCold    . . .     Faith    .   (no shield)
rNeg     . . .     Spirit   .   a - +0 robe
rPois    .         Reflect  .   (helmet restricted)
rElec    .         Harm     .   (no cloak)
rCorr    .         Rampage  .   (no gloves)
Will     .....                  (boots unavailable)
Stlth    ++........             (no amulet)
HPRegen  0.06/turn              (no ring)
MPRegen  0.10/turn              (no ring)

@: no status effects
A: beak, talons 3
a: no special abilities


You were on level 3 of the Dungeon.
You visited 1 branch of the dungeon, and saw 3 of its levels.

You collected 14 gold pieces.

Inventory:

Hand Weapons
 e - a +0 dagger (weapon)
Armour
 a - a +0 robe (worn)
Scrolls
 d - a scroll of immolation
Potions
 b - a potion of curing {unknown}


   Skills:
 + Level 0.5 Fighting
 * Level 2.5 Dodging
 - Level 2.0 Stealth
 + Level 2.1 Spellcasting
 * Level 1.3 Conjurations
 + Level 5.0 Summonings
 * Level 1.1 Air Magic
 * Level 1.0 Evocations


You had 2 spell levels left.
You knew the following spells:

 Your Spells              Type           Power        Failure   Level
a - Summon Small Mammal   Summ           68%          2%          1
b - Call Canine Familiar  Summ           17%          8%          3

Your spell library contained the following spells:

 Spells                   Type           Power        Failure   Level
 Call Imp                 Summ           17%          4%          2
 Summon Guardian Golem    Hex/Summ       9%           22%         3
 Summon Lightning Spire   Summ/Air       11%          50%         4
 Summon Ice Beast         Ice/Summ       9%           58%         4


Dungeon Overview and Level Annotations

Branches:
Dungeon (2/15)

Altars:


Innate Abilities, Weirdness & Mutations

You have a beak for a mouth.
You have claws for feet.


Message History

The hobgoblin hits your rat.
Your rat dies!
Your rat's corpse disappears in a puff of smoke!
You hit the hobgoblin but do no damage. Your kick misses the hobgoblin.
Your peck misses the hobgoblin.
The hobgoblin is heavily wounded.
The hobgoblin barely misses you.
You hit the hobgoblin but do no damage. Your peck misses the hobgoblin.
The hobgoblin is heavily wounded.
You feel sick. The hobgoblin misses you.
Casting: Summon Small Mammal (safe; 2% risk of failure)
Confirm with . or Enter, or press ? or * to list all spells.
You don't have enough magic to cast that spell.
You feel sick.
You are no longer poisoned.
The kobold throws a stone.
The stone hits you.
* * * LOW HITPOINT WARNING * * *
You see here a stone.
The hobgoblin hits you.
You die...

..... #....
########..#
####.........#
#............#
..............#
..............#
...).......(.##
...........@.#
..#.......g..#
..#.....(....#
###..K.....#
#..S.....#
##h#####.# #.#
##)#######
#.####........#
#....S†.......#


You could see an adder, a jackal, a hobgoblin and a kobold.

Vanquished Creatures
  2 dart slugs (D:1)
  A giant cockroach (D:1)
  4 goblins (D:1)
  A hobgoblin (D:1)
  2 kobolds (D:1)
  A bat (D:1)
  A frilled lizard (D:1)
  5 rats (D:1)
17 creatures vanquished.

Vanquished Creatures (collateral kills)
  An adder (D:3)
  A goblin (D:1)
  A hobgoblin (D:3)
  2 kobolds (D:1)
  A ball python (D:3)
6 creatures vanquished.

Grand Total: 23 creatures vanquished

Notes
Turn   | Place    | Note
-------+----------+-------------------------------------------
     0 | D:1      | Gadfly the Tengu Summoner began the quest for the Orb.
     0 | D:1      | Reached XP level 1. HP: 10/10 MP: 4/4
   205 | D:1      | Reached XP level 2. HP: 6/15 MP: 1/6
   552 | D:1      | Reached skill level 1 in Conjurations
   943 | D:1      | Reached skill level 1 in Air Magic
  1212 | D:1      | Reached skill level 5 in Summonings
  1261 | D:1      | Reached XP level 3. HP: 20/20 MP: 7/7
  1265 | D:1      | Learned a level 3 spell: Call Canine Familiar
  1335 | D:2      | You fall into a shaft and drop 1 floor!
  1368 | D:3      | Reached skill level 1 in Evocations
  1387 | D:3      | Slain by a hobgoblin

Illustrated notes

Levels and vault maps discovered:
D:1:      lightli_arrival_noodles, layout_basic
D:2:      layout_rooms, lemuel_crystal_altar, uniq_jessica
D:3:      layout_basic, nemelex_xobeh_ov_fountains_minmay

Skill      XL: |  1  2  3 |
---------------+----------+-----
Conjurations   | 1 |  1.3
Air Magic      | 1 |  1.1
Summonings     | 5 |  5.0
Evocations     | 1 |  1.0
Fighting       | |  0.5
Dodging        | |  2.5
Stealth        | |  2.0
Spellcasting   | |  2.1

Action                   || total
-------------------------++-------
Melee: Club              ||    15
       Unarmed           ||     6
       Kick              ||    11
       Peck              ||     5
       Dagger            ||    30
 Cast: Summon Small Mamm ||    12
       Call Canine Famil ||     1
  Use: Scroll            ||     3
       Potion            ||     1
 Stab: Sleeping          ||     2
Armor: Robe              ||     9
Dodge: Dodged            ||    49
